 Dungeon Crawl Stone Soup version 0.18-a0-1685-g4482fe3 (webtiles) character file.

135 4thArraOfDagon the Skirmisher (level 5, -5/67 HPs)
             Began as a Hill Orc Wanderer on Apr 4, 2016.
             Slain by an ogre
             ... wielding a +0 giant club
              (9 damage)
             ... on level 4 of the Dungeon.
             The game lasted 00:05:15 (874 turns).

4thArraOfDagon the Skirmisher (Hill Orc Wanderer)    Turns: 874, Time: 00:05:16

Health: -5/67      AC: 22    Str: 15    XL:     5   Next: 18%
Magic:  5/5        EV:  2    Int: 12    God:
Gold:   49         SH:  3    Dex: 11    Spells: 0 memorised, 4 levels left

rFire  . . .     SeeInvis .     a - +2 mace
rCold  . . .     Gourm    .     (armour currently unavailable)
rNeg   + + +     Faith    .     c - +0 buckler
rPois  +         Spirit   .     (helmet currently unavailable)
rElec  .         Dismiss  .     (cloak currently unavailable)
rCorr  .         Reflect  .     (gloves currently unavailable)
SustAt .         Harm     .     (boots currently unavailable)
MR     .....     NoTele   +     (no amulet)
Stlth  +.........               (no ring)
                                (no ring)

@: tree-form, not resistant to hostile enchantments, very unstealthy
A: (slimy green scales 0), frail 1, regeneration 1
a: no special abilities


You were on level 4 of the Dungeon.
You were not hungry.
You were a tree.
You visited 1 branch of the dungeon, and saw 5 of its levels.

You collected 49 gold pieces.

Inventory:

Hand Weapons
 a - a +2 mace (weapon)
 r - a +0 blowgun
Missiles
 s - 19 poisoned needles
Armour
 c - a +0 buckler (worn)
 d - a +0 cloak (melded)
 g - a +0 chain mail (melded)
 k - a +0 pair of gloves (melded)
Scrolls
 i - a scroll of remove curse {unknown}
 o - a scroll of noise {unknown}
Potions
 b - a potion of lignification
 e - a potion of ambrosia {unknown}
 j - a potion of flight
 l - a potion of magic {unknown}
 p - a potion of beneficial mutation {unknown}
Comestibles
 f - 3 bread rations
 h - a meat ration
 n - 3 fruits
 t - a chunk of flesh


   Skills:
 + Level 6.3 Fighting
 - Level 2.1 Maces & Flails
 + Level 4.3 Armour
 - Level 1.1 Shields
   Level 1.0 Evocations


You had 4 spell levels left.
You didn't know any spells.

Dungeon Overview and Level Annotations

Branches:
Dungeon (5/15)
 Temple: D:4-7

Altars:
Elyvilon

Shops:
D:5 }

Annotations:
D:3 4thArraOfDagon's ghost, amateur HOGl


Innate Abilities, Weirdness & Mutations

((You are partially covered in slimy green scales (AC +2).))
You are frail (-10% HP).
Your natural rate of healing is unusually fast.


Message History

Unknown command.
You hit the ogre.
The ogre is almost dead.
The ogre hits you with a giant club!
* * * LOW HITPOINT WARNING * * *
Unknown command.
Unknown command.
Unknown command.
You hit the ogre.
The ogre is almost dead.
The ogre hits you with a giant club.
* * * LOW HITPOINT WARNING * * *
Unknown command.
Unknown command.
Unknown command.
Unknown command.
You hit the ogre but do no damage.
The ogre is almost dead.
The ogre hits you with a giant club!
You die...

#.#.......(.........#
#(####.####(.##.....#
. #.# #.# #..##.....#
... #.# #.#
#..[<..<..#
.....#.####.#
#.###....##
.......((##.# #.#
##)#.# ..........#.#
#.# #.#.# .#
......(..(... #O#
##.#.# .#
...#......#((# #♣#
#....#####.# .
..###........(...#
#..........##. .#
##.####..#####
#....##....... . ...
#.. ####.##....... ##
.# #.)......<.
####....... #..†....
#.#####. #.#


You could see an ogre.

Vanquished Creatures
  A scorpion (D:4)
  A howler monkey zombie (D:5)
  4 adders
  An ooze (D:1)
  A worm (D:2)
  2 dart slugs (D:1)
  A giant gecko (D:1)
  An orc (D:4)
  3 bats
  A giant cockroach (D:1)
  2 goblins
  3 hobgoblins
  A jackal (D:3)
  2 kobolds
  A ball python (D:1)
  A giant newt (D:4)
  4 rats
30 creatures vanquished.

Vanquished Creatures (others)
  A quokka (D:5)
1 creature vanquished.

Grand Total: 31 creatures vanquished

Notes
Turn   | Place    | Note
--------------------------------------------------------------
     0 | D:1      | 4thArraOfDagon the Hill Orc Wanderer began the quest for the Orb.
     0 | D:1      | 4thArraOfDagon set off with: a +2 mace, a potion of lignification, a +0 buckler, a +0 robe, a bread ration
     0 | D:1      | Reached XP level 1. HP: 22/22 MP: 1/1
     0 | D:1      | what is good orc combo
    13 | D:1      | Reached skill level 5 in Fighting
   128 | D:2      | Reached XP level 2. HP: 29/29 MP: 2/2
   188 | D:1      | Reached XP level 3. HP: 33/36 MP: 3/3
   559 | D:3      | You fall through a shaft for 2 floors!
   559 | D:5      | Entered Level 5 of the Dungeon
   593 | D:5      | Reached XP level 4. HP: 18/44 MP: 4/4
   621 | D:5      | Found a white marble altar of Elyvilon.
   669 | D:5      | Found Revihe's Gadget Emporium.
   741 | D:3      | Noticed 4thArraOfDagon's ghost (amateur HOGl)
   824 | D:4      | Reached skill level 6 in Fighting
   824 | D:4      | Reached XP level 5. HP: 47/51 MP: 5/5
   829 | D:4      | Noticed an ogre
   866 | D:4      | Gained mutation: You are frail (-10% HP). [potion of mutation]
   866 | D:4      | Gained mutation: Your natural rate of healing is unusually fast. [potion of mutation]
   866 | D:4      | Gained mutation: You are partially covered in slimy green scales (AC +2). [potion of mutation]
   874 | D:4      | Slain by an ogre

Vault maps used:
D:1:      eino_arrival_water_cross, minmay_distorted
D:2:      first_bread, minmay_gold_behind_fungi
D:3:      lemuel_doored_altar
D:4:      serial_bayou_pond_d, eino_small_chamber_without_monster
D:5:      serial_shops, kennysheep_mini_moat, elyvilon_altar_4

Skill      XL: |  1  2  3  4 |
---------------+-------------+-----
Fighting       | 5 6 |  6.3
Armour         | 3 4 |  4.3
Maces & Flails | |  2.1
Shields        | |  1.1
Evocations     | |  1.0

Action                   |  1- 3 |  4- 6 || total
-------------------------+-------+-------++-------
Melee: Mace              |    83 |    31 ||   114
 Fire: Blowgun           |     2 |    15 ||    17
  Use: Scroll            |     3 |       ||     3
       Potion            |       |     5 ||     5
